 Dungeon Crawl Stone Soup version 0.18-a0-845-gc59c8fa (webtiles) character file.

75 Proton the Insei (level 4, 24/24 HPs)
             Began as a Vine Stalker Monk on Dec 20, 2015.
             Was a Believer of Zin (penitent).
             Quit the game on level 3 of the Dungeon.
             The game lasted 00:05:04 (1088 turns).

Proton the Insei (Vine Stalker Monk)                Turns: 1088, Time: 00:05:04

Health: 24/24      AC:  8    Str: 15    XL:     4   Next: 31%
Magic:  5/5        EV: 10    Int: 10    God:    Zin [*]
Gold:   81         SH:  0    Dex: 16    Spells: 0 memorised, 3 levels left

rFire  . . .     SeeInvis .       - Unarmed
rCold  . . .     Gourm    .     c - +0 scale mail
rNeg   . . .     Faith    .     (no shield)
rPois  +         Spirit   +     (no helmet)
rElec  .         Dismiss  .     m - +0 cloak
rCorr  .         Reflect  .     k - +0 pair of gloves
SustAt .         Harm     +     (no boots)
MR     .....                    l - amulet of harm
Stlth  +.........               j - ring of poison resistance
                                (no ring)

@: not resistant to hostile enchantments, very unstealthy
A: fangs 2, regeneration 1, magic shield, antimagic bite, no device heal 3, rot
immunity
a: Donate Gold, Renounce Religion


You were on level 3 of the Dungeon.
You worshipped Zin.
Zin was demanding penance.
You were hungry.

You visited 1 branch of the dungeon, and saw 3 of its levels.

You collected 89 gold pieces.
You donated 8 gold pieces to Zin.

Inventory:

Armour
 c - a +0 scale mail (worn)
 k - a +0 pair of gloves (worn)
 m - a +0 cloak (worn)
Jewellery
 j - a ring of poison resistance (right hand)
 l - an amulet of harm (around neck)
Scrolls
 d - a scroll of fog {unknown}
 g - 2 scrolls of teleportation {unknown}
 i - a scroll of identify {unknown}
 o - a scroll of amnesia {unknown}
Potions
 e - 2 potions of heal wounds {unknown}
 f - a potion of curing {unknown}
 n - a potion of degeneration {unknown}
Comestibles
 a - 4 meat rations
 b - 3 bread rations
 h - 2 beef jerkies


   Skills:
 + Level 3.2 Fighting
 + Level 1.0 Armour
 + Level 2.9 Dodging
 - Level 2.4 Stealth
 * Level 4.6 Unarmed Combat


You had 3 spell levels left.
You didn't know any spells.

Dungeon Overview and Level Annotations

Branches:
Dungeon (3/15)

Altars:
Zin


Innate Abilities, Weirdness & Mutations

You have extremely sharp teeth.
Your natural rate of healing is unusually fast.
When hurt, damage is shared between your health and your magic reserves.
Your bite disrupts and absorbs the magic of your enemies.
Potions and wands cannot restore your health.
You are immune to rotting.


Message History

You hit the jackal.
You feel a little guilty. "You will pay for your transgression, mortal!"
You bite the jackal. You drain its power.
You kill the jackal!
No target in view!
No target in view!
No target in view!
No target in view!
No target in view!
No target in view!
No target in view!
No target in view!
No target in view!
No target in view!
No target in view!
No target in view!
No target in view!
No target in view!
No target in view!
Are you sure you want to abandon this character and quit the game? (Confirm with "yes".)

### .. ... .. ..# #.#
#. #.# #.# #< #.# #.#
#†### #.# #.# #†@.# #.#
#.### #.#.#.# #.#
#.#.##
##.(...###.#####....##
+......................
####....###.####.....##
#..#.# #.###.#.#.##
#...%# #.##.###.##
#..#.# #.###.#.##
#....# #.# ##..#


There were no monsters in sight!

Vanquished Creatures
  4 adders (D:2)
  An ooze (D:2)
  A worm (D:2)
  A giant gecko (D:3)
  5 bats
  A giant cockroach (D:3)
  3 goblins (D:1)
  3 hobgoblins (D:1)
  A giant newt (D:1)
  7 jackals
  3 kobolds
  2 rats
32 creatures vanquished.

Notes
Turn   | Place    | Note
--------------------------------------------------------------
     0 | D:1      | Proton the Vine Stalker Monk began the quest for the Orb.
     0 | D:1      | Reached XP level 1. HP: 11/11 MP: 2/2
    90 | D:1      | Reached XP level 2. HP: 16/16 MP: 3/3
   501 | D:2      | Reached XP level 3. HP: 10/19 MP: 4/4
   780 | D:2      | Reached XP level 4. HP: 24/24 MP: 5/5
   984 | D:2      | Reached skill level 1 in Armour
  1038 | D:3      | Found a faded altar to an unknown god.
  1046 | D:3      | Became a worshipper of Zin the Law-Giver
  1046 | D:3      | Reached * piety under Zin
  1046 | D:3      | Reached ** piety under Zin
  1046 | D:3      | Reached *** piety under Zin
  1075 | D:3      | Was placed under penance by Zin
  1088 | D:3      | Quit the game

Vault maps used:
D:1:      lemuel_arrival_behind_the_door_small, minmay_tree_intersection
D:3:      fedhas_altar_fruit_tree, ecumenical_altar_1, uniq_jessica

Action                   |  1- 3 |  4- 6 || total
-------------------------+-------+-------++-------
Melee: Unarmed           |    80 |    31 ||   111
